 Dungeon Crawl Stone Soup version 0.30-a0-141-g30f27751c5 (webtiles) character file.

Game seed: 16403922140170810667

76219 qw the Severer (level 15, -3/105 HPs)
             Began as a Gargoyle Fighter on Sept 25, 2022.
             Was a High Priest of Okawaru.
             Slain by a deep troll simulacrum (13 damage)
             ... animated by a necromancer
             ... on level 15 of the Dungeon.
             The game lasted 00:09:23 (26439 turns).

qw the Severer (Gargoyle Fighter)                  Turns: 26439, Time: 00:09:23

Health: -3/105     AC: 38    Str: 30    XL:     15   Next: 52%
Magic:  18/22      EV: 11    Int: 15    God:    Okawaru [*****.]
Gold:   1628       SH: 17    Dex:  8    Spells: 14/14 levels left

rFire   + . .      SeeInvis +    A - +0 broad axe of Change {freeze, rElec Stlth+}
rCold   . . .      Faith    .    H - +0 tower shield
rNeg    + . .      Spirit   .    s - quicksilver dragon scales
rPois   inf        Reflect  .    o - +2 helmet
rElec   +          Harm     .    b - +1 cloak of Terror {Rampage rF+}
rCorr   .          Rampage  +    k - +2 pair of gloves
Will    ++...                    w - +0 pair of boots {Stlth+}
Stlth   ++++......               (no amulet)
HPRegen 0.27/turn                E - ring of see invisible
MPRegen 0.18/turn                x - +6 ring of strength

@: about to teleport, heroic, finesse-ful, flying
A: sickness immunity, AC +11, big wings, negative energy resistance 1,
electricity resistance, torment resistance 1, petrification resistance, talons
1, clever 1, robust 1, MP-powered wands
a: Renounce Religion, Heroism, Finesse, Duel


You were on level 15 of the Dungeon.
You worshipped Okawaru.
Okawaru was extremely pleased with you.
You visited 3 branches of the dungeon, and saw 21 of its levels.
You also visited: Sewer.

You collected 1925 gold pieces.
You spent 297 gold pieces at shops.


Innate Abilities, Weirdness & Mutations

You are immune to sickness and miasma.
Your stone body is resilient. (AC +11)
You are immune to poison.
Your large and strong wings let you fly.
You resist negative energy. (rN+)
You are resistant to electric shocks. (rElec)
You are resistant to unholy torment.
You are immune to petrification.
You have sharp toenails.
Your mind is acute. (Int +4, Str/Dex -1)
You are robust. (+10% HP)
You expend magic power (3 MP) to strengthen your wands.


   Skills:
 - Level 12.0(17.0) Fighting
 - Level 17.0(22.0) Axes
 - Level 7.1(12.1) Throwing
 - Level 10.1(15.1) Armour
 - Level 3.0(8.0) Dodging
 + Level 9.7(14.7) Shields
 - Level 10.0 Invocations


You had 14 spell levels left.
You didn't know any spells.
Your spell library was empty.

Inventory:

Hand Weapons
 y - a +2 hand axe of flaming
 A - the +0 broad axe of Change (weapon) {freeze, rElec Stlth+}
   (Okawaru gifted it to you on level 5 of the Lair of Beasts)

   It freezes those it strikes, dealing additional cold damage.
   It can also slow down cold-blooded creatures.
   rElec:     It insulates you from electricity.
   Stlth:     It makes you more stealthy.
Missiles
 m - 3 boomerangs
 u - 6 javelins
 C - 2 silver javelins (quivered)
Armour
 b - the +1 cloak of Terror (worn) {Rampage rF+}
   (You acquired it on level 1 of the Dungeon)

   rF:        It protects you from fire.
   Rampage:   It bestows one free step when moving towards enemies.
 h - a +2 cloak
 k - a +2 pair of gloves (worn)
 o - a +2 helmet (worn)
 s - quicksilver dragon scales (worn)
 t - +0 ice dragon scales
 v - a +0 plate armour
 w - a +0 pair of boots of stealth (worn)
 G - +0 acid dragon scales
 H - a +0 tower shield (worn)
Jewellery
 g - a ring of fire
 l - a ring of protection from fire
 x - a +6 ring of strength (right hand)
 E - a ring of see invisible (left hand)
 Y - a ring of willpower
Scrolls
 a - 2 scrolls of brand weapon
 j - 4 scrolls of enchant weapon
 r - 3 scrolls of identify
 B - 3 scrolls of teleportation
Potions
 d - 4 potions of might
 e - 3 potions of haste
 f - 2 potions of cancellation
 i - 4 potions of mutation
 n - 3 potions of resistance
 p - 3 potions of lignification
 q - 3 potions of curing
 z - a potion of attraction
 D - a potion of magic
 F - a potion of heal wounds

Dungeon Overview and Level Annotations

Branches:
Dungeon (15/15)            Temple (1/1) D:6            Lair (5/5) D:9
  Swamp (0/4) Lair:2        Snake (0/4) Lair:2        Slime (0/5) Lair:5
    Orc (0/2) D:12         Vaults (0/5) D:14          Sewer (visited)
 Depths: D:15

Altars:
Ashenzari
Cheibriados
Dithmenos
Elyvilon
Fedhas
Gozag
Hepliaklqana
Kikubaaqudgha
Makhleb
Nemelex Xobeh
Okawaru
Qazlal
Ru
Sif Muna
Trog
Uskayaw
Vehumet
Wu Jian
Xom
Yredelemnul
Zin
The Shining One
Lugonu

Shops:
D:6 :   D:12 [(

Portals:
Abyss: Lair:5

Annotations:
Lair:4 1 runed translucent door, qw's ghost, journeyman GrFi


Message History

You slice the ettin!! You freeze the ettin.
You kill the ettin!
Okawaru accepts your kill.
A freezing mist starts to gather...
An ettin simulacrum comes into view.
You slice the necromancer!! You freeze the necromancer!
The necromancer is severely wounded.
You hit the deep troll simulacrum. You closely miss the necromancer.
The necromancer is severely wounded.
You completely miss the deep troll simulacrum.
You block the necromancer's attack.
You completely miss the necromancer.
The necromancer is severely wounded.
You hit the deep troll simulacrum.
You block the deep troll simulacrum's attack.
The deep troll simulacrum claws you but does no damage.
You block the deep troll simulacrum's attack.
You slash the necromancer! You freeze the necromancer.
You kill the necromancer!
Okawaru accepts your kill.
You hit the ettin simulacrum but do no damage.
You hit the deep troll simulacrum. You slash the deep troll simulacrum!
The deep troll simulacrum is heavily damaged.
You hit the ettin simulacrum but do no damage.
You slash the deep troll simulacrum!
The deep troll simulacrum is almost destroyed.
You hit the ettin simulacrum but do no damage.
The deep troll simulacrum bites you but does no damage.
You block the deep troll simulacrum's attack.
The deep troll simulacrum claws you but does no damage.
The ettin simulacrum hits you but does no damage.
The ettin simulacrum hits you! The ettin simulacrum freezes you!!
26439 ||| READING 4 scrolls of teleportation.
As you read the scroll of teleportation, it crumbles to dust.
You feel strangely unstable.
You block the deep troll simulacrum's attack.
The deep troll simulacrum claws you! The deep troll simulacrum freezes you!
You die...

.. # .. .#.
#.. #.#### .
#....#
#.####)...#
..#..)@Z...#
.(.....Z....#
...#........#
###.
............#
...
............#
..
............#
########
...########.#
......).
...########.#
..........
..........#


You could see a deep troll simulacrum and an ettin simulacrum.

Vanquished Creatures
  A very ugly thing (D:14)
  An ettin (D:15)
  A fire dragon (D:14)
  Harold (D:11)
  An ice dragon (D:14)
  6 hydras
  3 vault guards (D:14)
  5 centaur warriors
  2 death knights (D:14)
  3 catoblepae
  5 death yaks (Lair:5)
  A tengu warrior (D:15)
  A two-headed ogre (D:10)
  A boulder beetle (D:15)
  2 thrashing horrors (Lair:5)
  2 deep trolls (D:15)
  5 skeletal warriors
  3 deep elf pyromancers
  2 necromancers (D:15)
  An orc knight (D:15)
  4 cyclopes
  7 ugly things
  5 manticores
  6 elephants (Lair:2)
  2 black mambas
  A smoke demon (Lair:5)
  11 cane toads
  2 gargoyles
  An unseen horror (shapeshifter) (Lair:5)
  A yaktaur (D:14)
  2 unseen horrors
  3 kobold demonologists
  8 komodo dragons
  3 rime drakes
  3 ancient zymes (Lair:5)
  2 trolls
  2 large abominations (Lair:5)
  6 polar bears
  2 wind drakes (shapeshifter) (Lair:5)
  31 blink frogs
  4 slime creatures
  4 dream sheep (Lair:5)
  2 wyverns
  A spriggan (Lair:5)
  A vampire (D:12)
  2 ynoxinuls (Lair:5)
  4 wraiths
  3 basilisks
  49 yaks
  A chaos spawn (Lair:5)
  5 vampire mosquitoes
  8 humans (D:14)
  4 steam dragons
  Menkaure (D:7)
  A warg (D:15)
  9 small abominations (Lair:5)
  12 water moccasins
  4 acid dragons
  Pargi (Sewer)
  7 black bears
  A sky beast (D:6)
  3 orc warriors
  7 centaurs
  4 ogres
  9 wolves
  7 kobold brigands
  16 bullfrogs
  A gnoll sergeant (D:5)
  6 necrophages
  4 scorpions
  9 wights
  15 killer bees
  2 electric eels (Lair:1)
  11 howler monkeys
  7 orc priests
  7 hounds
  5 jellies
  2 gnoll boudas
  4 hell rats (Lair:4)
  6 iguanas
  Natasha (thrice) (D:3)
  Ijyb (D:3)
  10 orc wizards
  A statue (D:4)
  9 adders
  7 gnolls
  A shadow imp (D:6)
  3 white imps
  2 ufetubi (D:5)
  A worm (D:4)
  A dart slug (D:1)
  31 orcs
  5 ball pythons
  4 bats
  4 bat zombies (D:13)
  5 endoplasms
  A giant cockroach (D:1)
  12 goblins
  6 hobgoblins
  8 jackals
  6 quokkas
  11 frilled lizards
  35 kobolds
  5 rats
570 creatures vanquished.

Vanquished Creatures (others)
  A human (D:14)
  17 fungi
  118 plants
136 creatures vanquished.

Grand Total: 706 creatures vanquished

Notes
Turn   | Place    | Note
-------+----------+-------------------------------------------
     0 | D:1      | qw the Gargoyle Fighter began the quest for the Orb.
     0 | D:1      | Reached XP level 1. HP: 14/14 MP: 1/1
     0 | D:1      | 0 ||| qw: Version: 0.2-a-10-g399e6c4
     0 | D:1      | 0 ||| qw: Game counter: 125
     0 | D:1      | 0 ||| qw: Always use a shield: true
     0 | D:1      | 0 ||| qw: God list: Okawaru
     0 | D:1      | 0 ||| qw: Allow faded altars: false
     0 | D:1      | 0 ||| qw: Do Orc after D:15 true
     0 | D:1      | 0 ||| qw: Do second Lair branch before Depths: true
     0 | D:1      | 0 ||| qw: Lair rune preference: random
     0 | D:1      | 0 ||| qw: Plans: Normal, Zot:1-4, God:TSO, Crypt, Tomb,
                  | Pan, Slime:5, Hells, Abyss, Orb
     0 | D:1      | 0 ||| PLANNING D:1-11
    96 | D:1      | Reached skill level 2 in Axes
   282 | D:1      | 282 ||| Stepping ~*~*~tactically~*~*~ (stealth).
   283 | D:1      | 283 ||| Stepping ~*~*~tactically~*~*~ (stealth).
   290 | D:1      | Reached XP level 2. HP: 13/19 MP: 2/2
   525 | D:1      | 525 ||| DROPPING +0 club.
   531 | D:1      | Found a faded altar of an unknown god.
   958 | D:1      | 958 ||| Stepping ~*~*~tactically~*~*~ (hiding).
   968 | D:1      | Reached skill level 3 in Axes
  1087 | D:1      | 1087 ||| UPGRADING to +0 chain mail.
  1097 | D:1      | 1097 ||| DROPPING +0 scale mail.
  1098 | D:1      | 1098 ||| UPGRADING to +0 helmet.
  1103 | D:1      | 1103 ||| READING 2 scrolls labelled INNO RE OCROTU.
  1106 | D:1      | 1106 ||| READING scroll labelled CAECSIF MUKY.
  1107 | D:1      | 1107 ||| READING scroll labelled XYCOKA SIUC.
  1108 | D:1      | 1108 ||| READING scroll labelled BEZINO VENUE.
  1109 | D:1      | 1109 ||| READING scroll labelled BIZXOZX REKKOL.
  1109 | D:1      | Identified a scroll of acquirement
  1109 | D:1      | 1109 ||| ACQUIRING +1 cloak of Terror {Rampage rF+}
  1109 | D:1      | Acquired the +1 cloak of Terror {Rampage rF+}
  1111 | D:1      | 1111 ||| UPGRADING to +1 cloak of Terror {Rampage rF+}.
  1165 | D:2      | Reached XP level 3. HP: 23/23 MP: 3/3
  1302 | D:2      | 1302 ||| Stepping ~*~*~tactically~*~*~ (hiding).
  1874 | D:2      | 1874 ||| READING scroll labelled SASSEE SOMUTELOL.
  1875 | D:2      | 1875 ||| READING scroll labelled VOHULIBURIDA.
  1876 | D:2      | 1876 ||| READING scroll labelled ZUMMABB OZENK.
  1916 | D:3      | Noticed Ijyb
  1917 | D:3      | 1917 ||| Stepping ~*~*~tactically~*~*~ (stealth).
  1919 | D:3      | 1919 ||| Stepping ~*~*~tactically~*~*~ (stealth).
  1922 | D:3      | 1922 ||| Stepping ~*~*~tactically~*~*~ (stealth).
  1923 | D:3      | 1923 ||| Stepping ~*~*~tactically~*~*~ (stealth).
  1928 | D:3      | Killed Ijyb
  1929 | D:3      | Reached skill level 4 in Axes
  1929 | D:3      | Reached XP level 4. HP: 16/28 MP: 4/4
  2072 | D:3      | 2072 ||| Stepping ~*~*~tactically~*~*~ (hiding).
  2074 | D:3      | 2074 ||| Stepping ~*~*~tactically~*~*~ (hiding).
  2075 | D:3      | 2075 ||| Stepping ~*~*~tactically~*~*~ (hiding).
  2110 | D:3      | 2110 ||| Stepping ~*~*~tactically~*~*~ (hiding).
  2118 | D:3      | 2118 ||| Stepping ~*~*~tactically~*~*~ (stealth).
  2126 | D:3      | Reached XP level 5. HP: 32/32 MP: 5/5
  2157 | D:3      | 2157 ||| Stepping ~*~*~tactically~*~*~ (stealth).
  2178 | D:3      | 2178 ||| Stepping ~*~*~tactically~*~*~ (stealth).
  2179 | D:3      | Found a sparkling altar of Nemelex Xobeh.
  2181 | D:3      | 2181 ||| Stepping ~*~*~tactically~*~*~ (stealth).
  2249 | D:3      | Reached skill level 5 in Axes
  2253 | D:3      | Noticed Natasha
  2254 | D:3      | 2254 ||| Stepping ~*~*~tactically~*~*~ (hiding).
  2260 | D:3      | Killed Natasha
  2263 | D:3      | 2263 ||| Stepping ~*~*~tactically~*~*~ (stealth).
  2330 | D:3      | HP: 8/33 [orc wizard/+0 dagger (1)]
  2331 | D:3      | 2331 ||| READING scroll of teleportation.
  2356 | D:3      | 2356 ||| FLEEEEING.
  2357 | D:3      | 2357 ||| FLEEEEING.
  2358 | D:3      | 2358 ||| FLEEEEING.
  2359 | D:3      | 2359 ||| FLEEEEING.
  2360 | D:3      | 2360 ||| FLEEEEING.
  2361 | D:3      | 2361 ||| FLEEEEING.
  2362 | D:3      | 2362 ||| FLEEEEING.
  2363 | D:3      | 2363 ||| FLEEEEING.
  2364 | D:3      | 2364 ||| FLEEEEING.
  2365 | D:3      | 2365 ||| FLEEEEING.
  2366 | D:3      | 2366 ||| FLEEEEING.
  2367 | D:3      | 2367 ||| FLEEEEING.
  2368 | D:3      | 2368 ||| FLEEEEING.
  2369 | D:3      | 2369 ||| FLEEEEING.
  2370 | D:3      | 2370 ||| FLEEEEING.
  2371 | D:3      | 2371 ||| FLEEEEING.
  2372 | D:3      | 2372 ||| FLEEEEING.
  2373 | D:3      | 2373 ||| FLEEEEING.
  2374 | D:3      | 2374 ||| FLEEEEING.
  2375 | D:3      | 2375 ||| FLEEEEING.
  2376 | D:3      | 2376 ||| FLEEEEING.
  2377 | D:3      | 2377 ||| FLEEEEING.
  2378 | D:3      | 2378 ||| FLEEEEING.
  2379 | D:3      | 2379 ||| FLEEEEING.
  2380 | D:3      | 2380 ||| FLEEEEING.
  2381 | D:3      | 2381 ||| FLEEEEING.
  2382 | D:3      | 2382 ||| FLEEEEING.
  2383 | D:3      | 2383 ||| FLEEEEING.
  2384 | D:3      | 2384 ||| FLEEEEING.
  2385 | D:3      | 2385 ||| FLEEEEING.
  2386 | D:3      | 2386 ||| FLEEEEING.
  2388 | D:3      | 2388 ||| FLEEEEING.
  2389 | D:3      | 2389 ||| FLEEEEING.
  2390 | D:3      | 2390 ||| FLEEEEING.
  2391 | D:3      | 2391 ||| FLEEEEING.
  2392 | D:3      | 2392 ||| FLEEEEING.
  2393 | D:3      | 2393 ||| FLEEEEING.
  2394 | D:3      | 2394 ||| FLEEEEING.
  2395 | D:3      | 2395 ||| FLEEEEING.
  2396 | D:3      | 2396 ||| FLEEEEING.
  2401 | D:3      | Noticed Natasha
  2405 | D:3      | Reached XP level 6. HP: 12/38 MP: 6/6
  2409 | D:3      | Killed Natasha
  2410 | D:3      | 2410 ||| FLEEEEING.
  2411 | D:3      | 2411 ||| FLEEEEING.
  2412 | D:3      | 2412 ||| FLEEEEING.
  2413 | D:3      | 2413 ||| FLEEEEING.
  2414 | D:3      | 2414 ||| FLEEEEING.
  2415 | D:3      | 2415 ||| FLEEEEING.
  2416 | D:3      | 2416 ||| FLEEEEING.
  2417 | D:3      | 2417 ||| FLEEEEING.
  2418 | D:3      | 2418 ||| FLEEEEING.
  2419 | D:3      | 2419 ||| FLEEEEING.
  2420 | D:3      | 2420 ||| FLEEEEING.
  2421 | D:3      | 2421 ||| FLEEEEING.
  2422 | D:3      | 2422 ||| FLEEEEING.
  2444 | D:3      | 2444 ||| FLEEEEING.
  2445 | D:3      | 2445 ||| FLEEEEING.
  2446 | D:3      | 2446 ||| FLEEEEING.
  2447 | D:3      | 2447 ||| FLEEEEING.
  2448 | D:3      | 2448 ||| FLEEEEING.
  2449 | D:3      | 2449 ||| FLEEEEING.
  2450 | D:3      | 2450 ||| FLEEEEING.
  2451 | D:3      | 2451 ||| STAIRDANCE
  2629 | D:2      | 2629 ||| UPGRADING to +6 ring of strength.
  2630 | D:2      | 2630 ||| DRINKING 2 dark potions.
  2630 | D:2      | Gained mutation: Your spells are a little harder to cast,
                  | but a little more powerful. [potion of mutation]
  2630 | D:2      | Gained mutation: Your mind is acute. (Int +4, Str/Dex -1)
                  | [potion of mutation]
  2860 | D:3      | Noticed Natasha
  2862 | D:3      | Killed Natasha
  2952 | D:3      | 2952 ||| Stepping ~*~*~tactically~*~*~ (stealth).
  2953 | D:3      | 2953 ||| Stepping ~*~*~tactically~*~*~ (stealth).
  3374 | D:3      | 3374 ||| READING scroll labelled WAPTAU VISCHYHU.
  3375 | D:3      | 3375 ||| READING 2 scrolls labelled NOCOLO XEGGEGA.
  3376 | D:3      | 3376 ||| READING scroll labelled FUS HEHIRIZXIEPT.
  3377 | D:3      | 3377 ||| DRINKING 2 grey potions.
  3378 | D:3      | 3378 ||| READING 4 scrolls of identify.
  3378 | D:3      | 3378 ||| IDENTIFYING murky silvery potion
  3379 | D:3      | 3379 ||| READING 3 scrolls of identify.
  3379 | D:3      | 3379 ||| IDENTIFYING amethyst potion
  3380 | D:3      | 3380 ||| READING 2 scrolls of identify.
  3380 | D:3      | 3380 ||| IDENTIFYING emerald potion
  3381 | D:3      | 3381 ||| DROPPING potion of invisibility.
  3382 | D:3      | 3382 ||| DROPPING potion of degeneration.
  3383 | D:3      | 3383 ||| DROPPING scroll of fog.
  3411 | D:4      | 3411 ||| PLANNING SEWER
  3413 | D:4      | Found a glowing drain.
  3414 | D:4      | 3414 ||| FLEEEEING.
  3415 | D:4      | 3415 ||| FLEEEEING.
  3416 | D:4      | 3416 ||| STAIRDANCE
  3420 | D:4      | 3420 ||| STAIRDANCE
  3426 | D:4      | 3426 ||| STAIRDANCE
  3432 | D:4      | 3432 ||| STAIRDANCE
  3449 | Sewer    | Entered a sewer
  3455 | Sewer    | 3455 ||| Stepping ~*~*~tactically~*~*~ (water).
  3477 | Sewer    | 3477 ||| Stepping ~*~*~tactically~*~*~ (water).
  3520 | Sewer    | 3520 ||| Stepping ~*~*~tactically~*~*~ (water).
  3523 | Sewer    | Noticed Pargi
  3528 | Sewer    | Killed Pargi
  3529 | Sewer    | Reached skill level 6 in Axes
  3612 | Sewer    | 3612 ||| READING scroll labelled FIAKOGO YTWA.
  3713 | Sewer    | 3713 ||| READING 2 scrolls labelled ZELIRU JEYNGI.
  3714 | Sewer    | 3714 ||| DROPPING scroll of summoning.
  3734 | D:4      | 3734 ||| PLANNING D:1-11
  3799 | D:4      | Found a radiant altar of Vehumet.
  3806 | D:4      | Reached XP level 7. HP: 43/43 MP: 7/7
  3829 | D:4      | 3829 ||| Stepping ~*~*~tactically~*~*~ (stealth).
  3830 | D:4      | 3830 ||| Stepping ~*~*~tactically~*~*~ (stealth).
  3835 | D:4      | 3835 ||| Stepping ~*~*~tactically~*~*~ (stealth).
  3836 | D:4      | 3836 ||| Stepping ~*~*~tactically~*~*~ (stealth).
  3914 | D:4      | 3914 ||| Stepping ~*~*~tactically~*~*~ (stealth).
  3951 | D:4      | Noticed a steam dragon
  3952 | D:4      | 3952 ||| Stepping ~*~*~tactically~*~*~ (hiding).
  3954 | D:4      | 3954 ||| Stepping ~*~*~tactically~*~*~ (stealth).
  3959 | D:4      | Killed a steam dragon
  3960 | D:4      | Reached skill level 7 in Axes
  3966 | D:4      | 3966 ||| FLEEEEING.
  3967 | D:4      | 3967 ||| FLEEEEING.
  3969 | D:4      | 3969 ||| FLEEEEING.
  3971 | D:4      | 3971 ||| FLEEEEING.
  3972 | D:4      | 3972 ||| FLEEEEING.
  3973 | D:4      | 3973 ||| FLEEEEING.
  3974 | D:4      | 3974 ||| FLEEEEING.
  3975 | D:4      | 3975 ||| FLEEEEING.
  3978 | D:4      | 3978 ||| FLEEEEING.
  3983 | D:4      | 3983 ||| FLEEEEING.
  3984 | D:4      | 3984 ||| FLEEEEING.
  3985 | D:4      | 3985 ||| FLEEEEING.
  3986 | D:4      | 3986 ||| FLEEEEING.
  3987 | D:4      | 3987 ||| FLEEEEING.
  3988 | D:4      | 3988 ||| FLEEEEING.
  3990 | D:4      | 3990 ||| FLEEEEING.
  3991 | D:4      | 3991 ||| FLEEEEING.
  3992 | D:4      | 3992 ||| FLEEEEING.
  4475 | D:4      | Reached skill level 1 in Dodging
  4494 | D:4      | 4494 ||| Stepping ~*~*~tactically~*~*~ (stealth).
  4655 | D:4      | 4655 ||| UPGRADING to ring of protection from fire.
  4656 | D:4      | 4656 ||| READING scroll labelled ODERCH EKAR.
  4667 | D:5      | Entered Level 5 of the Dungeon
  4710 | D:5      | 4710 ||| Stepping ~*~*~tactically~*~*~ (stealth).
  4712 | D:5      | 4712 ||| Stepping ~*~*~tactically~*~*~ (stealth).
  4715 | D:5      | 4715 ||| Stepping ~*~*~tactically~*~*~ (stealth).
  4717 | D:5      | 4717 ||| Stepping ~*~*~tactically~*~*~ (stealth).
  4777 | D:5      | 4777 ||| DROPPING +0 whip.
  4853 | D:5      | 4853 ||| Stepping ~*~*~tactically~*~*~ (stealth).
  4859 | D:5      | Reached XP level 8. HP: 46/49 MP: 8/8
  4923 | D:5      | Reached skill level 8 in Axes
  4937 | D:5      | 4937 ||| Stepping ~*~*~tactically~*~*~ (stealth).
  4938 | D:5      | 4938 ||| Stepping ~*~*~tactically~*~*~ (stealth).
  5059 | D:5      | 5059 ||| Stepping ~*~*~tactically~*~*~ (stealth).
  5066 | D:5      | Reached skill level 6 in Fighting
  5342 | D:5      | Reached skill level 9 in Axes
  5508 | D:5      | 5508 ||| Stepping ~*~*~tactically~*~*~ (stealth).
  5510 | D:5      | 5510 ||| Stepping ~*~*~tactically~*~*~ (hiding).
  5530 | D:5      | Reached XP level 9. HP: 27/55 MP: 9/9
  5535 | D:5      | 5535 ||| FLEEEEING.
  5536 | D:5      | 5536 ||| FLEEEEING.
  5537 | D:5      | 5537 ||| FLEEEEING.
  5538 | D:5      | 5538 ||| FLEEEEING.
  5539 | D:5      | 5539 ||| FLEEEEING.
  5540 | D:5      | 5540 ||| FLEEEEING.
  5542 | D:5      | 5542 ||| FLEEEEING.
  5651 | D:5      | 5651 ||| Invisible monster not found???
  5947 | D:5      | 5947 ||| UPGRADING to +0 pair of gloves.
  5952 | D:5      | 5952 ||| UPGRADING to quicksilver dragon scales.
  5962 | D:5      | 5962 ||| DROPPING +0 chain mail.
  5963 | D:5      | 5963 ||| READING scroll labelled VAUFUH ECAUTUJ.
  6086 | D:6      | 6086 ||| Stepping ~*~*~tactically~*~*~ (hiding).
  6089 | D:6      | Reached skill level 1 in Throwing
  6093 | D:6      | 6093 ||| Stepping ~*~*~tactically~*~*~ (hiding).
  6103 | D:6      | 6103 ||| Stepping ~*~*~tactically~*~*~ (hiding).
  6104 | D:6      | HP: 11/55 [orc priest/divine providence (13)]
  6105 | D:6      | 6105 ||| READING 2 scrolls of teleportation.
  6107 | D:6      | Found a staircase to the Ecumenical Temple.
  6108 | D:6      | 6108 ||| PLANNING TEMPLE
  6108 | D:6      | 6108 ||| READING scroll of teleportation.
  6111 | D:6      | Found the +6 shillelagh "Devastator" {shatter}
  6157 | D:6      | 6157 ||| Stepping ~*~*~tactically~*~*~ (stealth).
  6310 | D:6      | 6310 ||| FLEEEEING.
  6311 | D:6      | 6311 ||| FLEEEEING.
  6312 | D:6      | 6312 ||| FLEEEEING.
  6313 | D:6      | 6313 ||| FLEEEEING.
  6314 | D:6      | 6314 ||| FLEEEEING.
  6315 | D:6      | 6315 ||| FLEEEEING.
  6316 | D:6      | 6316 ||| FLEEEEING.
  6317 | D:6      | 6317 ||| FLEEEEING.
  6318 | D:6      | 6318 ||| FLEEEEING.
  6319 | D:6      | 6319 ||| FLEEEEING.
  6524 | Temple   | Entered the Ecumenical Temple
  6525 | Temple   | 6525 ||| PLANNING OKAWARU WORSHIP
  6531 | Temple   | Became a worshipper of Warmaster Okawaru
  6532 | Temple   | 6532 ||| PLANNING D:1-11
  6555 | D:6      | 6555 ||| DROPPING +0 flail.
  6559 | D:6      | Found a white marble altar of Elyvilon.
  6569 | D:6      | Found a hazy altar of Hepliaklqana.
  6733 | D:6      | Found a broken altar of Ashenzari.
  6741 | D:6      | 6741 ||| Stepping ~*~*~tactically~*~*~ (hiding).
  6745 | D:6      | 6745 ||| Stepping ~*~*~tactically~*~*~ (stealth).
  6825 | D:6      | Reached skill level 10 in Axes
  6826 | D:6      | 6826 ||| Stepping ~*~*~tactically~*~*~ (hiding).
  7037 | D:6      | 7037 ||| Stepping ~*~*~tactically~*~*~ (hiding).
  7127 | D:6      | 7127 ||| Stepping ~*~*~tactically~*~*~ (stealth).
  7128 | D:6      | 7128 ||| Stepping ~*~*~tactically~*~*~ (stealth).
  7152 | D:6      | Found Jarutah's Self-Improvement Boutique.
  7183 | D:6      | Reached XP level 10. HP: 64/64 MP: 10/10
  7207 | D:6      | 7207 ||| READING 2 scrolls labelled WAGETU NUYKY.
  7208 | D:6      | 7208 ||| DRINKING 2 purple potions.
  7312 | D:6      | 7312 ||| READING 2 scrolls of identify.
  7312 | D:6      | 7312 ||| IDENTIFYING cyan potion
  7313 | D:6      | 7313 ||| DROPPING potion of berserk rage.
  7314 | D:6      | 7314 ||| DROPPING scroll of amnesia.
  7347 | D:7      | Noticed Menkaure
  7348 | D:7      | 7348 ||| Stepping ~*~*~tactically~*~*~ (hiding).
  7352 | D:7      | 7352 ||| Stepping ~*~*~tactically~*~*~ (hiding).
  7361 | D:7      | Killed Menkaure
  7361 | D:7      | Reached * piety under Okawaru
  7362 | D:7      | Reached skill level 6 in Armour
  7449 | D:7      | Reached skill level 1 in Invocations
  7469 | D:7      | 7469 ||| Stepping ~*~*~tactically~*~*~ (hiding).
  7470 | D:7      | 7470 ||| INVOKING Heroism.
  7473 | D:7      | 7473 ||| Stepping ~*~*~tactically~*~*~ (hiding).
  7488 | D:7      | 7488 ||| INVOKING Heroism.
  7512 | D:7      | 7512 ||| Stepping ~*~*~tactically~*~*~ (stealth).
  7568 | D:7      | 7568 ||| INVOKING Heroism.
  7637 | D:7      | 7637 ||| Stepping ~*~*~tactically~*~*~ (stealth).
  7835 | D:7      | Reached skill level 3 in Throwing
  8018 | D:7      | 8018 ||| READING scroll of enchant armour.
  8018 | D:7      | 8018 ||| ENCHANTING +0 pair of gloves.
  8222 | D:8      | 8222 ||| Stepping ~*~*~tactically~*~*~ (stealth).
  8225 | D:8      | 8225 ||| INVOKING Heroism.
  8235 | D:8      | Reached skill level 3 in Invocations
  8273 | D:8      | 8273 ||| INVOKING Heroism.
  8298 | D:8      | 8298 ||| Stepping ~*~*~tactically~*~*~ (hiding).
  8301 | D:8      | 8301 ||| Stepping ~*~*~tactically~*~*~ (hiding).
  8315 | D:8      | 8315 ||| Stepping ~*~*~tactically~*~*~ (hiding).
  8317 | D:8      | 8317 ||| Stepping ~*~*~tactically~*~*~ (hiding).
  8318 | D:8      | 8318 ||| Stepping ~*~*~tactically~*~*~ (hiding).
  8319 | D:8      | 8319 ||| Stepping ~*~*~tactically~*~*~ (hiding).
  8320 | D:8      | 8320 ||| Stepping ~*~*~tactically~*~*~ (hiding).
  8321 | D:8      | 8321 ||| Stepping ~*~*~tactically~*~*~ (hiding).
  8322 | D:8      | 8322 ||| Stepping ~*~*~tactically~*~*~ (hiding).
  8355 | D:8      | Noticed a white ugly thing
  8356 | D:8      | 8356 ||| INVOKING Heroism.
  8363 | D:8      | Killed a white ugly thing
  8363 | D:8      | Reached ** piety under Okawaru
  8437 | D:8      | Found a blossoming altar of Fedhas.
  8474 | D:8      | 8474 ||| Stepping ~*~*~tactically~*~*~ (stealth).
  8490 | D:8      | 8490 ||| INVOKING Heroism.
  8566 | D:8      | 8566 ||| INVOKING Heroism.
  8711 | D:8      | 8711 ||| READING scroll of enchant armour.
  8711 | D:8      | 8711 ||| ENCHANTING +1 pair of gloves.
  8750 | D:8      | 8750 ||| INVOKING Heroism.
  8773 | D:8      | Identified the +4 rapier "Hucweroe" {venom, Fragile rCorr
                  | Str-3 Dex+10}
  8848 | D:8      | 8848 ||| Stepping ~*~*~tactically~*~*~ (stealth).
  8853 | D:8      | 8853 ||| INVOKING Heroism.
  9044 | D:8      | 9044 ||| DRINKING 2 orange potions.
  9097 | D:9      | 9097 ||| STAIRDANCE
  9158 | D:9      | 9158 ||| STAIRDANCE
  9160 | D:8      | 9160 ||| INVOKING Heroism.
  9167 | D:8      | Reached skill level 11 in Axes
  9322 | D:9      | 9322 ||| Stepping ~*~*~tactically~*~*~ (stealth).
  9332 | D:9      | 9332 ||| INVOKING Heroism.
  9334 | D:9      | Reached XP level 11. HP: 43/69 MP: 11/14
  9464 | D:9      | 9464 ||| Stepping ~*~*~tactically~*~*~ (stealth).
  9505 | D:9      | 9505 ||| DROPPING +6 shillelagh "Devastator" {shatter}.
  9640 | D:9      | Reached skill level 9 in Fighting
  9741 | D:9      | Found a staircase to the Lair.
  9860 | D:9      | 9860 ||| Stepping ~*~*~tactically~*~*~ (stealth).
  9863 | D:9      | 9863 ||| Stepping ~*~*~tactically~*~*~ (stealth).
  9868 | D:9      | 9868 ||| Stepping ~*~*~tactically~*~*~ (stealth).
  9869 | D:9      | 9869 ||| Stepping ~*~*~tactically~*~*~ (stealth).
  9870 | D:9      | 9870 ||| Stepping ~*~*~tactically~*~*~ (stealth).
  9874 | D:9      | Reached *** piety under Okawaru
  9917 | D:9      | 9917 ||| INVOKING Heroism.
  9954 | D:9      | 9954 ||| INVOKING Heroism.
 10121 | D:9      | 10121 ||| DROPPING +0 morningstar.
 10190 | D:9      | 10190 ||| Stepping ~*~*~tactically~*~*~ (stealth).
 10226 | D:9      | 10226 ||| Stepping ~*~*~tactically~*~*~ (hiding).
 10229 | D:9      | 10229 ||| Stepping ~*~*~tactically~*~*~ (hiding).
 10230 | D:9      | 10230 ||| Stepping ~*~*~tactically~*~*~ (hiding).
 10231 | D:9      | 10231 ||| Stepping ~*~*~tactically~*~*~ (hiding).
 10232 | D:9      | 10232 ||| Stepping ~*~*~tactically~*~*~ (hiding).
 10234 | D:9      | 10234 ||| Stepping ~*~*~tactically~*~*~ (hiding).
 10235 | D:9      | 10235 ||| INVOKING Heroism.
 10515 | D:9      | 10515 ||| Stepping ~*~*~tactically~*~*~ (stealth).
 10518 | D:9      | 10518 ||| Stepping ~*~*~tactically~*~*~ (stealth).
 10615 | D:9      | Found a sacrificial altar of Ru.
 10617 | D:9      | 10617 ||| PLANNING LAIR
 10617 | D:9      | 10617 ||| UPGRADING to ring of willpower.
 10652 | Lair:1   | Entered Level 1 of the Lair of Beasts
 10656 | Lair:1   | 10656 ||| Stepping ~*~*~tactically~*~*~ (hiding).
 10680 | Lair:1   | 10680 ||| INVOKING Heroism.
 10760 | Lair:1   | 10760 ||| READING scroll of enchant armour.
 10760 | Lair:1   | 10760 ||| ENCHANTING +0 helmet.
 10922 | Lair:1   | 10922 ||| INVOKING Heroism.
 10931 | Lair:1   | Received a gift from Okawaru
 10934 | Lair:1   | Reached skill level 12 in Axes
 11052 | Lair:1   | Reached skill level 6 in Shields
 11054 | Lair:1   | 11054 ||| Stepping ~*~*~tactically~*~*~ (stealth).
 11055 | Lair:1   | 11055 ||| INVOKING Heroism.
 11169 | Lair:1   | 11169 ||| Stepping ~*~*~tactically~*~*~ (stealth).
 11170 | Lair:1   | 11170 ||| INVOKING Heroism.
 11177 | Lair:1   | 11177 ||| Stepping ~*~*~tactically~*~*~ (stealth).
 11181 | Lair:1   | Reached **** piety under Okawaru
 11192 | Lair:1   | 11192 ||| INVOKING Heroism.
 11384 | Lair:1   | 11384 ||| Stepping ~*~*~tactically~*~*~ (stealth).
 11386 | Lair:1   | 11386 ||| INVOKING Heroism.
 11387 | Lair:1   | 11387 ||| Stepping ~*~*~tactically~*~*~ (stealth).
 11388 | Lair:1   | 11388 ||| Stepping ~*~*~tactically~*~*~ (stealth).
 11500 | Lair:1   | 11500 ||| INVOKING Heroism.
 11598 | Lair:1   | 11598 ||| INVOKING Heroism.
 11611 | Lair:1   | Reached skill level 6 in Invocations
 11737 | Lair:1   | 11737 ||| READING 3 scrolls of identify.
 11737 | Lair:1   | 11737 ||| IDENTIFYING yellow potion
 11738 | Lair:1   | 11738 ||| READING 2 scrolls of identify.
 11738 | Lair:1   | 11738 ||| IDENTIFYING brown potion
 11766 | Lair:2   | Reached XP level 12. HP: 77/77 MP: 16/16
 11778 | Lair:2   | Found a staircase to the Snake Pit.
 11898 | Lair:2   | Reached ***** piety under Okawaru
 11924 | Lair:2   | 11924 ||| INVOKING Heroism.
 11999 | Lair:2   | 11999 ||| INVOKING Heroism.
 12005 | Lair:2   | Received a gift from Okawaru
 12035 | Lair:2   | Reached skill level 13 in Axes
 12302 | Lair:2   | Found a staircase to the Swamp.
 12365 | Lair:2   | 12365 ||| INVOKING Heroism.
 12506 | Lair:2   | 12506 ||| INVOKING Heroism.
 12510 | Lair:2   | Received a gift from Okawaru
 12785 | Lair:3   | 12785 ||| INVOKING Heroism.
 12821 | Lair:3   | 12821 ||| INVOKING Heroism.
 12897 | Lair:3   | 12897 ||| FLEEEEING.
 13013 | Lair:3   | 13013 ||| INVOKING Heroism.
 13062 | Lair:3   | 13062 ||| Stepping ~*~*~tactically~*~*~ (stealth).
 13076 | Lair:3   | Reached skill level 9 in Invocations
 13076 | Lair:3   | 13076 ||| FLEEEEING.
 13077 | Lair:3   | 13077 ||| FLEEEEING.
 13078 | Lair:3   | 13078 ||| FLEEEEING.
 13079 | Lair:3   | 13079 ||| FLEEEEING.
 13080 | Lair:3   | 13080 ||| FLEEEEING.
 13082 | Lair:3   | 13082 ||| FLEEEEING.
 13083 | Lair:3   | 13083 ||| STAIRDANCE
 13142 | Lair:3   | 13142 ||| STAIRDANCE
 13247 | Lair:3   | 13247 ||| STAIRDANCE
 13252 | Lair:2   | 13252 ||| INVOKING Heroism.
 13254 | Lair:2   | Received a gift from Okawaru
 13413 | Lair:3   | Noticed a four-headed hydra
 13414 | Lair:3   | 13414 ||| INVOKING Heroism.
 13415 | Lair:3   | 13415 ||| INVOKING Finesse.
 13417 | Lair:3   | 13417 ||| SWAPPING to +2 hand axe of flaming.
 13418 | Lair:3   | Killed a four-headed hydra
 13419 | Lair:3   | 13419 ||| SWAPPING to +0 spectral war axe.
 13506 | Lair:3   | 13506 ||| Stepping ~*~*~tactically~*~*~ (stealth).
 13513 | Lair:3   | 13513 ||| Stepping ~*~*~tactically~*~*~ (stealth).
 13523 | Lair:3   | 13523 ||| Stepping ~*~*~tactically~*~*~ (stealth).
 13528 | Lair:3   | 13528 ||| Stepping ~*~*~tactically~*~*~ (stealth).
 13529 | Lair:3   | 13529 ||| Stepping ~*~*~tactically~*~*~ (stealth).
 13706 | Lair:3   | 13706 ||| Stepping ~*~*~tactically~*~*~ (stealth).
 13707 | Lair:3   | 13707 ||| Stepping ~*~*~tactically~*~*~ (stealth).
 13709 | Lair:3   | 13709 ||| Stepping ~*~*~tactically~*~*~ (stealth).
 13710 | Lair:3   | 13710 ||| Stepping ~*~*~tactically~*~*~ (stealth).
 13713 | Lair:3   | 13713 ||| Stepping ~*~*~tactically~*~*~ (stealth).
 13714 | Lair:3   | 13714 ||| INVOKING Heroism.
 13718 | Lair:3   | 13718 ||| Stepping ~*~*~tactically~*~*~ (stealth).
 13746 | Lair:3   | Reached XP level 13. HP: 82/82 MP: 20/20
 14064 | Lair:3   | 14064 ||| Stepping ~*~*~tactically~*~*~ (stealth).
 14146 | Lair:3   | 14146 ||| Stepping ~*~*~tactically~*~*~ (stealth).
 14148 | Lair:3   | 14148 ||| INVOKING Heroism.
 14414 | Lair:4   | Received a gift from Okawaru
 14435 | Lair:4   | 14435 ||| INVOKING Heroism.
 14542 | Lair:4   | Found a runed translucent door.
 14555 | Lair:4   | 14555 ||| INVOKING Heroism.
 14580 | Lair:4   | Reached skill level 14 in Axes
 14635 | Lair:4   | 14635 ||| INVOKING Heroism.
 14640 | Lair:4   | 14640 ||| Stepping ~*~*~tactically~*~*~ (stealth).
 14641 | Lair:4   | 14641 ||| Stepping ~*~*~tactically~*~*~ (stealth).
 14642 | Lair:4   | 14642 ||| Stepping ~*~*~tactically~*~*~ (stealth).
 14685 | Lair:4   | Noticed qw's ghost (journeyman GrFi)
 14688 | Lair:4   | You fall into a shaft and drop 1 floor!
 14688 | Lair:5   | Entered Level 5 of the Lair of Beasts
 14689 | Lair:5   | 14689 ||| INVOKING Heroism.
 14693 | Lair:5   | Received a gift from Okawaru
 14802 | Lair:5   | 14802 ||| INVOKING Heroism.
 14803 | Lair:5   | 14803 ||| INVOKING Finesse.
 14832 | Lair:5   | Received a gift from Okawaru
 14892 | Lair:5   | 14892 ||| INVOKING Heroism.
 14913 | Lair:5   | Identified the +0 broad axe of Change {freeze, rElec
                  | Stlth+} (Okawaru gifted it to you on level 5 of the Lair of
                  | Beasts)
 14913 | Lair:5   | Received a gift from Okawaru
 14937 | Lair:5   | 14937 ||| READING 2 scrolls of identify.
 14937 | Lair:5   | 14937 ||| IDENTIFYING sapphire potion
 14938 | Lair:5   | 14938 ||| DROPPING potion of flight.
 15054 | Lair:4   | 15054 ||| INVOKING Heroism.
 15055 | Lair:4   | 15055 ||| INVOKING Finesse.
 15057 | Lair:4   | 15057 ||| SWAPPING to +2 hand axe of flaming.
 15069 | Lair:4   | 15069 ||| SWAPPING to +0 spectral war axe.
 15167 | Lair:4   | 15167 ||| INVOKING Heroism.
 15178 | Lair:4   | Reached skill level 9 in Armour
 15572 | Lair:5   | 15572 ||| SWAPPING to +0 broad axe of Change {freeze, rElec
                  | Stlth+}.
 15573 | Lair:5   | 15573 ||| DROPPING +0 spectral war axe.
 15653 | Lair:5   | 15653 ||| INVOKING Heroism.
 15654 | Lair:5   | 15654 ||| INVOKING Finesse.
 15659 | Lair:5   | 15659 ||| SWAPPING to +2 hand axe of flaming.
 15665 | Lair:5   | Reached skill level 3 in Dodging
 15665 | Lair:5   | 15665 ||| SWAPPING to +0 broad axe of Change {freeze, rElec
                  | Stlth+}.
 15706 | Lair:5   | Found a burning altar of Makhleb.
 15734 | Lair:5   | 15734 ||| INVOKING Heroism.
 15790 | Lair:5   | 15790 ||| Stepping ~*~*~tactically~*~*~ (stealth).
 15804 | Lair:5   | Found a staircase to the Slime Pits.
 15810 | Lair:5   | 15810 ||| INVOKING Heroism.
 15834 | Lair:5   | 15834 ||| Stepping ~*~*~tactically~*~*~ (stealth).
 15891 | Lair:5   | 15891 ||| Stepping ~*~*~tactically~*~*~ (stealth).
 15925 | Lair:5   | 15925 ||| INVOKING Heroism.
 16012 | Lair:5   | 16012 ||| Stepping ~*~*~tactically~*~*~ (stealth).
 16020 | Lair:5   | 16020 ||| Stepping ~*~*~tactically~*~*~ (stealth).
 16023 | Lair:5   | 16023 ||| Stepping ~*~*~tactically~*~*~ (stealth).
 16034 | Lair:5   | Reached skill level 6 in Throwing
 16044 | Lair:5   | 16044 ||| INVOKING Heroism.
 16053 | Lair:5   | Gained mutation: Your large and strong wings let you fly.
                  | [Gargoyle growth]
 16053 | Lair:5   | Reached XP level 14. HP: 32/90 MP: 19/21
 16104 | Lair:5   | 16104 ||| INVOKING Heroism.
 16136 | Lair:5   | HP: 19/90 [large abomination (20)]
 16137 | Lair:5   | 16137 ||| READING 2 scrolls of teleportation.
 16138 | Lair:5   | 16138 ||| DRINKING potion of heal wounds.
 16459 | Lair:5   | 16459 ||| INVOKING Heroism.
 16723 | Lair:5   | 16723 ||| INVOKING Heroism.
 16811 | Lair:5   | 16811 ||| Stepping ~*~*~tactically~*~*~ (stealth).
 16814 | Lair:5   | 16814 ||| INVOKING Heroism.
 16820 | Lair:5   | 16820 ||| Stepping ~*~*~tactically~*~*~ (stealth).
 16823 | Lair:5   | 16823 ||| Stepping ~*~*~tactically~*~*~ (stealth).
 16826 | Lair:5   | Reached skill level 15 in Axes
 16851 | Lair:5   | 16851 ||| Stepping ~*~*~tactically~*~*~ (stealth).
 16857 | Lair:5   | 16857 ||| Stepping ~*~*~tactically~*~*~ (stealth).
 16859 | Lair:5   | 16859 ||| Stepping ~*~*~tactically~*~*~ (stealth).
 16865 | Lair:5   | 16865 ||| INVOKING Heroism.
 16866 | Lair:5   | Received a gift from Okawaru
 16868 | Lair:5   | 16868 ||| Stepping ~*~*~tactically~*~*~ (stealth).
 16901 | Lair:5   | 16901 ||| Stepping ~*~*~tactically~*~*~ (stealth).
 16904 | Lair:5   | 16904 ||| Stepping ~*~*~tactically~*~*~ (stealth).
 16914 | Lair:5   | 16914 ||| INVOKING Heroism.
 17250 | Lair:5   | Found a corrupted altar of Lugonu.
 17250 | Lair:5   | Found a one-way gate to the infinite horrors of the Abyss.
 17264 | Lair:5   | 17264 ||| PLANNING D:1-11
 17264 | Lair:5   | 17264 ||| UPGRADING to +0 pair of boots of stealth.
 17269 | Lair:5   | 17269 ||| READING scroll labelled UCWAMI YDWUOQA.
 17438 | D:10     | Entered Level 10 of the Dungeon
 17577 | D:10     | 17577 ||| INVOKING Heroism.
 17595 | D:10     | 17595 ||| READING scroll of teleportation.
 17607 | D:10     | 17607 ||| Stepping ~*~*~tactically~*~*~ (stealth).
 17610 | D:10     | 17610 ||| Stepping ~*~*~tactically~*~*~ (stealth).
 17614 | D:10     | 17614 ||| Stepping ~*~*~tactically~*~*~ (stealth).
 17632 | D:10     | Gained mutation: You occasionally lose the ability to drink
                  | potions when taking damage. [a neqoxec]
 17644 | D:10     | 17644 ||| INVOKING Heroism.
 17667 | D:10     | 17667 ||| DRINKING 5 potions of mutation.
 17667 | D:10     | Lost mutation: Your spells are a little harder to cast, but
                  | a little more powerful. [potion of mutation]
 17667 | D:10     | Lost mutation: You occasionally lose the ability to drink
                  | potions when taking damage. [potion of mutation]
 17667 | D:10     | Gained mutation: You have sharp toenails. [potion of
                  | mutation]
 17667 | D:10     | Gained mutation: You are robust. (+10% HP) [potion of
                  | mutation]
 17667 | D:10     | Gained mutation: You expend magic power (3 MP) to
                  | strengthen your wands. [potion of mutation]
 17859 | D:10     | 17859 ||| Stepping ~*~*~tactically~*~*~ (stealth).
 17861 | D:10     | 17861 ||| Stepping ~*~*~tactically~*~*~ (stealth).
 17889 | D:10     | 17889 ||| Stepping ~*~*~tactically~*~*~ (stealth).
 17904 | D:10     | 17904 ||| INVOKING Heroism.
 17935 | D:10     | Found a flagged portal.
 18285 | D:10     | Found a shimmering blue altar of Sif Muna.
 18444 | D:11     | 18444 ||| PLANNING GAUNTLET
 18542 | D:11     | Noticed Harold
 18543 | D:11     | 18543 ||| Stepping ~*~*~tactically~*~*~ (hiding).
 18645 | D:11     | 18645 ||| Stepping ~*~*~tactically~*~*~ (hiding).
 18747 | D:11     | 18747 ||| Stepping ~*~*~tactically~*~*~ (hiding).
 18849 | D:11     | 18849 ||| Stepping ~*~*~tactically~*~*~ (hiding).
 18951 | D:11     | 18951 ||| Stepping ~*~*~tactically~*~*~ (hiding).
 19018 | D:11     | 19018 ||| RIP GAUNTLET
 19052 | D:11     | 19052 ||| PLANNING D:1-11
 19053 | D:11     | 19053 ||| Stepping ~*~*~tactically~*~*~ (hiding).
 19054 | D:11     | 19054 ||| Stepping ~*~*~tactically~*~*~ (hiding).
 19069 | D:11     | Killed Harold
 19179 | D:11     | 19179 ||| Stepping ~*~*~tactically~*~*~ (stealth).
 19184 | D:11     | 19184 ||| INVOKING Heroism.
 19185 | D:11     | 19185 ||| Stepping ~*~*~tactically~*~*~ (stealth).
 19253 | D:11     | 19253 ||| Stepping ~*~*~tactically~*~*~ (stealth).
 19255 | D:11     | 19255 ||| Stepping ~*~*~tactically~*~*~ (stealth).
 19260 | D:11     | 19260 ||| INVOKING Heroism.
 19383 | D:11     | 19383 ||| Stepping ~*~*~tactically~*~*~ (stealth).
 19387 | D:11     | 19387 ||| Stepping ~*~*~tactically~*~*~ (stealth).
 19677 | D:11     | Reached skill level 12 in Fighting
 19771 | D:11     | 19771 ||| PLANNING D
 19771 | D:11     | 19771 ||| DROPPING scarf of invisibility.
 19772 | D:11     | 19772 ||| DROPPING +6 ring of intelligence.
 19814 | D:12     | 19814 ||| INVOKING Heroism.
 19900 | D:12     | Found Juhy Pur's Armour Shoppe.
 19900 | D:12     | Found a staircase to the Orcish Mines.
 19900 | D:12     | Found Hitugipo's Weapon Shoppe.
 19902 | D:12     | 19902 ||| Stepping ~*~*~tactically~*~*~ (stealth).
 19906 | D:12     | 19906 ||| Stepping ~*~*~tactically~*~*~ (stealth).
 19907 | D:12     | 19907 ||| Stepping ~*~*~tactically~*~*~ (stealth).
 19908 | D:12     | 19908 ||| Stepping ~*~*~tactically~*~*~ (stealth).
 19911 | D:12     | 19911 ||| Stepping ~*~*~tactically~*~*~ (stealth).
 19975 | D:12     | 19975 ||| BUYING +2 cloak (297 gold).
 19975 | D:12     | Bought a +2 cloak for 297 gold pieces
 20176 | D:12     | 20176 ||| FLEEEEING.
 20177 | D:12     | 20177 ||| FLEEEEING.
 20184 | D:12     | 20184 ||| FLEEEEING.
 20185 | D:12     | 20185 ||| FLEEEEING.
 20186 | D:12     | 20186 ||| FLEEEEING.
 20187 | D:12     | 20187 ||| FLEEEEING.
 20188 | D:12     | 20188 ||| FLEEEEING.
 20189 | D:12     | 20189 ||| FLEEEEING.
 20190 | D:12     | 20190 ||| FLEEEEING.
 20191 | D:12     | 20191 ||| FLEEEEING.
 20192 | D:12     | 20192 ||| FLEEEEING.
 20193 | D:12     | 20193 ||| FLEEEEING.
 20207 | D:12     | 20207 ||| FLEEEEING.
 20208 | D:12     | 20208 ||| STAIRDANCE
 20315 | D:12     | 20315 ||| STAIRDANCE
 20519 | D:12     | 20519 ||| INVOKING Heroism.
 20715 | D:12     | 20715 ||| UPGRADING to ring of see invisible.
 20717 | D:12     | 20717 ||| UPGRADING to +6 ring of strength.
 20755 | D:13     | 20755 ||| INVOKING Heroism.
 20756 | D:13     | 20756 ||| INVOKING Finesse.
 20773 | D:13     | Received a gift from Okawaru
 20917 | D:13     | 20917 ||| DROPPING +3 war axe.
 21043 | D:13     | Received a gift from Okawaru
 21089 | D:13     | 21089 ||| Stepping ~*~*~tactically~*~*~ (stealth).
 21132 | D:13     | 21132 ||| INVOKING Heroism.
 21133 | D:13     | 21133 ||| INVOKING Finesse.
 21354 | D:13     | Received a gift from Okawaru
 21547 | D:13     | 21547 ||| Stepping ~*~*~tactically~*~*~ (stealth).
 21549 | D:13     | 21549 ||| Stepping ~*~*~tactically~*~*~ (stealth).
 21551 | D:13     | 21551 ||| Stepping ~*~*~tactically~*~*~ (stealth).
 21554 | D:13     | 21554 ||| Stepping ~*~*~tactically~*~*~ (stealth).
 21571 | D:13     | Found an ancient bone altar of Kikubaaqudgha.
 21577 | D:13     | 21577 ||| READING 4 scrolls of identify.
 21577 | D:13     | 21577 ||| IDENTIFYING metallic clear potion
 21578 | D:13     | 21578 ||| READING 3 scrolls of identify.
 21578 | D:13     | 21578 ||| IDENTIFYING viscous inky potion
 21579 | D:13     | 21579 ||| READING 2 scrolls of identify.
 21579 | D:13     | 21579 ||| IDENTIFYING fuming silvery potion
 21580 | D:13     | 21580 ||| DROPPING potion of ambrosia.
 21581 | D:13     | 21581 ||| DROPPING potion of brilliance.
 21621 | D:14     | 21621 ||| INVOKING Heroism.
 21659 | D:14     | 21659 ||| Stepping ~*~*~tactically~*~*~ (hiding).
 21761 | D:14     | 21761 ||| Stepping ~*~*~tactically~*~*~ (hiding).
 21863 | D:14     | 21863 ||| Stepping ~*~*~tactically~*~*~ (hiding).
 21965 | D:14     | 21965 ||| Stepping ~*~*~tactically~*~*~ (hiding).
 22067 | D:14     | 22067 ||| Stepping ~*~*~tactically~*~*~ (hiding).
 22169 | D:14     | 22169 ||| Stepping ~*~*~tactically~*~*~ (hiding).
 22271 | D:14     | 22271 ||| Stepping ~*~*~tactically~*~*~ (hiding).
 22373 | D:14     | 22373 ||| Stepping ~*~*~tactically~*~*~ (hiding).
 22475 | D:14     | 22475 ||| Stepping ~*~*~tactically~*~*~ (hiding).
 22577 | D:14     | 22577 ||| Stepping ~*~*~tactically~*~*~ (hiding).
 22583 | D:14     | 22583 ||| INVOKING Heroism.
 22592 | D:14     | Reached skill level 16 in Axes
 22723 | D:14     | 22723 ||| Stepping ~*~*~tactically~*~*~ (stealth).
 22846 | D:14     | Noticed a red very ugly thing
 22849 | D:14     | 22849 ||| INVOKING Heroism.
 22850 | D:14     | 22850 ||| SWAPPING to +2 hand axe of flaming.
 22886 | D:14     | Killed a red very ugly thing
 22894 | D:14     | 22894 ||| SWAPPING to +0 broad axe of Change {freeze, rElec
                  | Stlth+}.
 22967 | D:14     | 22967 ||| Stepping ~*~*~tactically~*~*~ (stealth).
 22988 | D:14     | 22988 ||| INVOKING Heroism.
 22989 | D:14     | 22989 ||| INVOKING Finesse.
 23020 | D:14     | Reached XP level 15. HP: 97/105 MP: 16/22
 23021 | D:14     | 23021 ||| SWAPPING to +2 hand axe of flaming.
 23031 | D:14     | 23031 ||| SWAPPING to +0 broad axe of Change {freeze, rElec
                  | Stlth+}.
 23037 | D:14     | Identified the +3 hand axe "Cuenetea" {spect, Fly} (Okawaru
                  | gifted it to you on level 14 of the Dungeon)
 23037 | D:14     | Received a gift from Okawaru
 23129 | D:14     | 23129 ||| READING scroll of enchant armour.
 23129 | D:14     | 23129 ||| ENCHANTING +1 helmet.
 23175 | D:14     | 23175 ||| INVOKING Heroism.
 23180 | D:14     | 23180 ||| Stepping ~*~*~tactically~*~*~ (hiding).
 23188 | D:14     | 23188 ||| Stepping ~*~*~tactically~*~*~ (hiding).
 23380 | D:14     | 23380 ||| Stepping ~*~*~tactically~*~*~ (hiding).
 23482 | D:14     | 23482 ||| Stepping ~*~*~tactically~*~*~ (hiding).
 23584 | D:14     | 23584 ||| Stepping ~*~*~tactically~*~*~ (hiding).
 23723 | D:14     | 23723 ||| Stepping ~*~*~tactically~*~*~ (hiding).
 23825 | D:14     | 23825 ||| Stepping ~*~*~tactically~*~*~ (hiding).
 23927 | D:14     | 23927 ||| Stepping ~*~*~tactically~*~*~ (hiding).
 24258 | D:14     | 24258 ||| Stepping ~*~*~tactically~*~*~ (hiding).
 24360 | D:14     | 24360 ||| Stepping ~*~*~tactically~*~*~ (hiding).
 24462 | D:14     | 24462 ||| Stepping ~*~*~tactically~*~*~ (hiding).
 24564 | D:14     | 24564 ||| Stepping ~*~*~tactically~*~*~ (hiding).
 24666 | D:14     | 24666 ||| Stepping ~*~*~tactically~*~*~ (hiding).
 24768 | D:14     | 24768 ||| Stepping ~*~*~tactically~*~*~ (hiding).
 24870 | D:14     | 24870 ||| Stepping ~*~*~tactically~*~*~ (hiding).
 24972 | D:14     | 24972 ||| Stepping ~*~*~tactically~*~*~ (hiding).
 25074 | D:14     | 25074 ||| Stepping ~*~*~tactically~*~*~ (hiding).
 25176 | D:14     | 25176 ||| Stepping ~*~*~tactically~*~*~ (stealth).
 25178 | D:14     | 25178 ||| Stepping ~*~*~tactically~*~*~ (hiding).
 25185 | D:14     | 25185 ||| INVOKING Heroism.
 25506 | D:14     | 25506 ||| INVOKING Heroism.
 25510 | D:14     | 25510 ||| Stepping ~*~*~tactically~*~*~ (stealth).
 25512 | D:14     | 25512 ||| Stepping ~*~*~tactically~*~*~ (stealth).
 25529 | D:14     | Received a gift from Okawaru
 25545 | D:14     | Reached skill level 17 in Axes
 25615 | D:14     | Found a gate to the Vaults.
 25755 | D:14     | Found a white marble altar of Elyvilon.
 26077 | D:14     | 26077 ||| UPGRADING to +0 tower shield.
 26087 | D:14     | 26087 ||| DROPPING +0 buckler.
 26088 | D:14     | 26088 ||| READING 4 scrolls of identify.
 26088 | D:14     | 26088 ||| IDENTIFYING bubbling orange potion
 26101 | D:15     | Entered Level 15 of the Dungeon
 26102 | D:15     | 26102 ||| INVOKING Heroism.
 26103 | D:15     | 26103 ||| STAIRDANCE
 26115 | D:15     | 26115 ||| STAIRDANCE
 26159 | D:15     | 26159 ||| STAIRDANCE
 26269 | D:15     | Identified the +2 flail of Bediutib {freeze, *Noise rN+
                  | Str+4}
 26284 | D:15     | 26284 ||| INVOKING Heroism.
 26404 | D:15     | 26404 ||| Stepping ~*~*~tactically~*~*~ (stealth).
 26405 | D:15     | 26405 ||| INVOKING Heroism.
 26415 | D:15     | Reached skill level 9 in Shields
 26415 | D:15     | 26415 ||| INVOKING Finesse.
 26438 | D:15     | HP: 17/105 [ettin simulacrum (29)]
 26439 | D:15     | 26439 ||| READING 4 scrolls of teleportation.
 26439 | D:15     | Slain by a deep troll simulacrum

Levels and vault maps discovered:
D:1:      elethiomel_arrival_fortress_basement, layout_loops_ring,
          shapermc_ecumenical_altar_mp_highgroup, glass_columns_a
D:2:      layout_basic, minmay_misc_feat_encased,
          hangedman_abyss_or_decor_stabs, dk_noncrumbling_3
D:3:      wad_woods_stonehenge, layout_basic, uniq_natasha, uniq_ijyb
D:4:      layout_basic, vehumet_statue, portal_sewer_entry_b,
          minmay_misc_feat_iff
D:5:      minmay_polygon_palace, layout_basic, amcnicky_mini_corridor_feature
D:6:      layout_rooms, chequers_temple_overflow_statue_of_worship,
          nicolae_ashenzari_panopticon, minmay_temple_entry_stoned_glass,
          nicolae_shop_self_help
D:7:      nicolae_cairo_tiling_very_big, layout_basic, uniq_menkaure
D:8:      layout_layer_cave, overflow_temple_1_default, minmay_tree_intersection
D:9:      layout_long_grid, lemuel_coloured_pillars_altar, lair_entry_dummy
D:10:     layout_gridville, led_sif_pool, enter_bailey_3, serial_glass,
          glass_columns_a, glass_columns_b, glass_columns_b, glass_columns_a,
          glass_columns_a, glass_columns_b, glass_columns_c, glass_columns_a,
          glass_columns_a, glass_columns_c, glass_columns_a, glass_columns_a,
          glass_columns_c, glass_columns_b
D:11:     layout_loops_ring, gauntlet_entry_generic, minmay_misc_feat_roman,
          uniq_harold
D:12:     layout_irregular_city, orc_david_3
D:13:     layout_big_octagon, lemuel_zombie_altar_kikubaaqudgha
D:14:     minmay_the_grid_plus_closed [minmay_the_grid_slots,
          minmay_the_grid_tiny_cups, minmay_the_grid_odd_star,
          minmay_the_grid_empty, minmay_the_grid_prize_inner_circle],
          layout_loops_corners, ximxim_vaults_locker_room, elyvilon_altar_5
D:15:     hangedman_depths_entry_civil_slaughter, layout_long_grid,
          cheibriados_altar_1
Temple:   nicolae_temple_no_exploring_needed
Lair:1:   beast_lair_carwin_large_3, layout_regular_city,
          amcnicky_mini_pool_medium
Lair:2:   layout_chaotic_city, swamp_mist, dummy_snake_entry,
          serial_bayou_lake_a
Lair:3:   layout_regular_city, grunt_megastairs_2, serial_bayou_shore_b
Lair:4:   layout_small_grid, hellmonk_ghost_happy_afterlife
Lair:5:   hellmonk_lair_end_abyssal_woods, layout_hall_layers, slime_entry_1,
          basic_altar, lemuel_fruit_fields, infiniplex_staircase_pool,
          serial_bayou_shore_a, lemuel_fruit_tree, lemuel_fruit_fields

Skill      XL: |  1  2  3  4  5  6  7  8  9 10 11 12 13 14 15 |
---------------+----------------------------------------------+-----
Axes           | 2 3 4 5 6 7 9 10 11 12 13 14 16 17 | 17.0
Fighting       | 4 5 6 7 8 10 11 12 | 12.0
Dodging        | 1 2 3 |  3.0
Armour         | 4 5 6 7 8 9 10 | 10.1
Shields        | 4 5 6 7 8 9 |  9.7
Throwing       | 2 3 5 6 7 |  7.1
Invocations    | 4 6 10 | 10.0

Action                   |  1- 3 |  4- 6 |  7- 9 | 10-12 | 13-15 || total
-------------------------+-------+-------+-------+-------+-------++-------
Melee: War axe           |    95 |    93 |   191 |   449 |   115 ||   943
       Broad axe         |       |       |       |       |   719 ||   719
       Hand axe          |       |       |       |       |    64 ||    64
Throw: Javelin           |       |       |    15 |    74 |   151 ||   240
       Boomerang         |       |       |     2 |    10 |    19 ||    31
Invok: Heroism           |       |       |       |    33 |    39 ||    72
       Finesse           |       |       |       |     1 |     7 ||     8
  Use: Scroll            |     8 |     9 |     4 |     7 |    10 ||    38
       Potion            |       |     2 |       |     2 |     2 ||     6
 Stab: Distracted        |       |       |     3 |     7 |     2 ||    12
Armor: Scale mail        |    27 |       |       |       |       ||    27
       Chain mail        |    21 |    43 |    62 |       |       ||   126
       Quicksilver drago |       |       |    39 |   201 |   433 ||   673
Dodge: Dodged            |    37 |    22 |    50 |   199 |   315 ||   623
Block: Buckler           |    15 |    17 |    22 |   100 |   150 ||   304
       Tower shield      |       |       |       |       |    50 ||    50

Table legend:
 A = Non-vault XP
 B = Vault XP
 C = Vault XP percentage of total XP
 D = Non-vault monster count
 E = Vault monster count
 F = Vault count percentage of total count
                 A         B        C        D         E       F
            +---------+---------+-------+---------+---------+-------
      Total |   71565 |   37320 |  34.3 |     427 |     143 |  25.1
            +---------+---------+-------+---------+---------+-------
        D:1 |      30 |       2 |   6.2 |      18 |       1 |   5.3
        D:2 |      37 |       0 |   0.0 |      14 |       0 |   0.0
        D:3 |     286 |     109 |  27.6 |      29 |      12 |  29.3
        D:4 |     486 |      37 |   7.1 |      13 |       2 |  13.3
        D:5 |     295 |    1075 |  78.5 |      16 |      19 |  54.3
        D:6 |    2168 |       0 |   0.0 |      25 |       0 |   0.0
        D:7 |     999 |     165 |  14.2 |      26 |       1 |   3.7
        D:8 |    3122 |       0 |   0.0 |      35 |       0 |   0.0
        D:9 |    2674 |       0 |   0.0 |      37 |       0 |   0.0
       D:10 |    2764 |       8 |   0.3 |      22 |       4 |  15.4
       D:11 |    2846 |     897 |  24.0 |      13 |       1 |   7.1
       D:12 |    3812 |     149 |   3.8 |       8 |       5 |  38.5
       D:13 |    6540 |       8 |   0.1 |      14 |       4 |  22.2
       D:14 |    7055 |   16873 |  70.5 |      15 |      29 |  65.9
       D:15 |    2278 |    4509 |  66.4 |       8 |       6 |  42.9
     Lair:1 |    3557 |    2853 |  44.5 |      17 |      13 |  43.3
     Lair:2 |    8075 |       0 |   0.0 |      32 |       0 |   0.0
     Lair:3 |    7619 |     526 |   6.5 |      34 |       2 |   5.6
     Lair:4 |    4984 |       0 |   0.0 |      21 |       0 |   0.0
     Lair:5 |   11938 |    9965 |  45.5 |      30 |      35 |  53.8
      Sewer |       0 |     144 | 100.0 |       0 |       9 | 100.0
            +---------+---------+-------+---------+---------+-------
